Cogmind - Beta 16 @@@ ROGUE MODE // 2025.12.25 @ 12:26:23 Player: Skergy Result: Destroyed by G-47 Trooper with Particle Gun Performance ------------- Evolutions (0) 0 Regions Visited (1) 200 Robots Destroyed (17) 85 Value Destroyed (436) 436 Prototype IDs (0) 0 Alien Tech Used (0) 0 Bonus (0) 0 TOTAL SCORE: 721 Bonus ------- None Cogmind --------- Core Integrity 0/250 Matter 251/300 Energy 239/250 System Corruption 1% Temperature Warning (391) Movement Treading (160) Location -10/Materials Parts ------- > --- POWER (1) -------- Ion Engine > --- PROPULSION (2) --- Light Treads Light Treads > --- UTILITY (2) ------ Medium Storage Unit Structural Scanner > --- WEAPON (2) ------- Medium Laser Medium Laser > --- INVENTORY (10) --- Light Ion Engine Light Ion Engine Light Ion Engine Light Treads Aluminum Leg Aluminum Leg Aluminum Leg Heat Sink Light Armor Plating Datajack Peak State ------------ > --- POWER ------------ Light Nuclear Core > --- PROPULSION ------- Light Treads Light Treads > --- UTILITY ---------- Medium Storage Unit > --- WEAPON ----------- Beam Cannon Light Assault Rifle > --- INVENTORY -------- Light Ion Engine Light Ion Engine Aluminum Leg Aluminum Leg Aluminum Leg Aluminum Leg Small Storage Unit EM Pulse Gun Small Laser Datajack [Rating: 9] Favorites ----------- Power Ion Engine Engine Ion Engine Power Core Light Nuclear Core Propulsion Light Treads Treads Light Treads Utility Medium Storage Unit Device Structural Scanner Storage Medium Storage Unit Weapon Small Laser Energy Gun Small Laser Energy Cannon Beam Cannon Ballistic Gun Light Assault Rifle Special Melee Weapon Datajack Build | -11 -10 ------- Run | Yrd Mat Slots Evolved . | . . Power . | . . Propulsion . | . . Utility . | . . Weapon . | . . Parts Attached 20 | 6 14 Power 4 | 1 3 Engine 3 | 1 2 Core 1 | . 1 Reactor . | . . Propulsion 5 | 2 3 Treads 5 | 2 3 Leg . | . . Wheel . | . . Hover . | . . Flight . | . . Utility 4 | 1 3 Device 2 | . 2 Storage 2 | 1 1 Processor . | . . Hackware . | . . Protection . | . . Artifact . | . . Weapon 7 | 2 5 Energy Gun 4 | 1 3 Energy Cannon 1 | . 1 Ballistic Gun 1 | 1 . Ballistic Cannon . | . . Launcher . | . . Special Weapon . | . . Impact Weapon . | . . Slashing Weapon . | . . Piercing Weapon . | . . Special Melee Weapon 1 | . 1 Unidentified Prototypes . | . . Parts Lost 3 | . 3 Power . | . . Propulsion . | . . Utility . | . . Weapon 3 | . 3 Highest Loss Streak 2 | . 2 To Critical Strikes . | . . Average Backups 8 | 2 9 Power 2 | . 2 Propulsion 3 | 1 3 Utility 1 | . 1 Weapon . | . . Tool/Special . | . . Unused Backups 8 | . 8 Power 2 | . 2 Propulsion 5 | . 5 Utility 1 | . 1 Weapon . | . . Tool/Special . | . . Average Slot Usage (%) 90 | . 90 Engine 12 | . 12 Core 1 | . 1 Treads 28 | . 28 Device 7 | . 7 Storage 14 | . 14 Energy Gun 17 | . 17 Energy Cannon 3 | . 3 Ballistic Gun 3 | . 3 Peak Build Rating 9 | 6 9 Average Rating 7 | 4 7 On Entrance 3 | . 6 Avg Prop Armor Cover (%) . | . . Naked Turns . | . . Heaviest Build 19 | 10 19 Greatest Support 40 | 40 40 Greatest Overweight (x) . | . . Average Overweight (x) . | . . Largest Inventory Capacity 10 | 8 10 Average Capacity 9 | 6 9 Most Carried 10 | 4 10 Average Carried 8 | 2 9 Final Capacity 10 | 8 10 Final Carried 10 | 4 10 Class Distribution -------------------- 100% | Mutant Dominant Class ---------------- Mutant | -10/Materials Resources | -11 -10 ----------- Run | Yrd Mat Matter Collected 401 | 191 210 Remotely . | . . Salvage Created 624 | . 624 Parts 27 | . 27 Haulers Intercepted . | . . Recyclers Shooed 1 | . 1 Parts Field Recycled . | . . Retrieved Matter . | . . Parts Self-Destructed . | . . Prevented . | . . Parts Restored . | . . Kills | -11 -10 ------- Run | Yrd Mat Combat Hostiles Destroyed 11 | . 11 Guns 7 | . 7 Cannons 3 | . 3 AOE 1 | . 1 Classes Destroyed 4 | . 4 Worker 4 | . 4 Recycler 1 | . 1 Watcher 1 | . 1 Grunt 11 | . 11 Best Kill Streak 6 | . 6 Combat Bots Only 2 | . 2 Max Kills in Single Turn 1 | . 1 Gunslinging . | . . Exploded 1 | . 1 Melee . | . . Uniques/NPCs Destroyed . | . . Combat | -11 -10 -------- Run | Yrd Mat Hostile Shots Fired 108 | . 108 Missed 23 | . 23 Hits 85 | . 85 Projectile 85 | . 85 Critical Strikes 2 | . 2 Damage Taken 1081 | . 1081 Core 266 | . 266 Absorbed by Shields . | . . Core Remaining (%) 100 | 100 . Volleys Fired 77 | . 77 Largest 2 | . 2 Hottest 100 | . 100 Shots Fired 121 | . 121 Gun 93 | . 93 Cannon 28 | . 28 Launcher . | . . Special . | . . Kinetic 25 | . 25 Thermal 77 | . 77 Explosive . | . . Electromagnetic 19 | . 19 Robot Hit Streak 11 | . 11 Robot Miss Streak 5 | . 5 Penetration Max . | . . Secondary Targets 1 | . 1 Max Gunslinging Chain 1 | . 1 Shots Hit Robots 69 | . 69 Core Hits 29 | . 29 Critical Kills . | . . Critical Parts Destroyed . | . . Critical Strikes . | . . Melee Attacks 1 | . 1 Impact . | . . Slashing . | . . Piercing . | . . Sneak Attacks . | . . Combat Hostiles . | . . Follow-up Attacks . | . . Damage Inflicted 967 | . 967 Guns 596 | . 596 Cannons 298 | . 298 Explosions 73 | . 73 Melee . | . . Ramming . | . . Kinetic 147 | . 147 Thermal 679 | . 679 Explosive . | . . Electromagnetic 141 | . 141 Impact . | . . Slashing . | . . Piercing . | . . Highest Corruption 1 | . 1 Average Corruption 1 | . 1 Corruption Purged . | . . Corruption Blocked . | . . Overload Shots . | . . Overflow Damage . | . . Projectiles . | . . Explosions . | . . Melee . | . . Knockbacks . | . . Impact . | . . Kinetic . | . . Secondary . | . . Self-Inflicted Damage . | . . Shots . | . . Rammed . | . . Targets Rammed . | . . Kicked . | . . Crushed . | . . Highest Temperature 473 | . 473 Average Temperature 143 | . 143 Received Heat Transfer 639 | . 639 Effects 7 | . 7 Shutdowns 3 | . 3 Interference 2 | . 2 Short Circuit 2 | . 2 Siege Activations . | . . Martial Activations . | . . Shielding Activations . | . . Robots Disrupted . | . . Combat Hostiles . | . . Robots Corrupted . | . . Combat Hostiles . | . . Parts Fried . | . . Impact Corruptions . | . . Robots Melted . | . . Combat Hostiles . | . . Parts Melted 2 | . 2 Heat Transferred 1574 | . 1574 Parts Sabotaged . | . . Parts Stolen . | . . Parts Stripped . | . . Power Chain Reactions 1 | . 1 Alert | -11 -10 ------- Run | Yrd Mat Maximum Alert Level . | . . Low Security (%) 100 | 100 100 Level 1 . | . . Level 2 . | . . Level 3 . | . . Level 4 . | . . Level 5 . | . . High Security . | . . Max Security . | . . Peak Influence 66 | . 66 Initial . | . . Average 14 | . 15 Influence Increases 333 | . 333 Destroy 0b10 Robot/C 220 | . 220 Destroy 0b10 Robot/NC 30 | . 30 Destroy Leader 42 | . 42 Successful Hack 23 | . 23 Disable Machine 15 | . 15 Destroy Structure 3 | . 3 Influence Decreases 305 | . 305 Time Decay 275 | . 275 Lost Part 30 | . 30 Squads Dispatched 2 | . 2 Investigation 2 | . 2 Extermination . | . . Reinforcement . | . . Assault . | . . Garrison . | . . Intercept . | . . Searches Triggered . | . . Construction Impeded . | . . Haulers Reinforced . | . . Active Scanning Responses . | . . Cargo Convoy Interrupts . | . . Stealth | -11 -10 --------- Run | Yrd Mat Distress Signals . | . . Communications Jammed . | . . Distress Signals . | . . Times Spotted 18 | . 18 Peak Tracking Total 3 | . 3 Tactical Retreats . | . . Traps | -11 -10 ------- Run | Yrd Mat Traps Triggered 3 | . 3 Indirectly . | . . Trap Hack Attempts . | . . Triggered . | . . Disarmed . | . . Reprogrammed . | . . Reused . | . . Traps Extracted . | . . Installed . | . . Triggered . | . . Machines | -11 -10 ---------- Run | Yrd Mat Machines Disabled 1 | . 1 Max in Single Turn 1 | . 1 Machines Repaired . | . . Machines Dismantled . | . . Machines Sabotaged . | . . Overloaded Fab Kills . | . . Hacking | -11 -10 --------- Run | Yrd Mat Machines Accessed 6 | . 6 Terminals 5 | . 5 Fabricators . | . . Repair Stations . | . . Recycling Units 1 | . 1 Scanalyzers . | . . Garrison Access . | . . Total Hacks 15 | . 15 Successful 9 | . 9 Failed 6 | . 6 Catastrophic 2 | . 2 Database Lockouts . | . . Manual 14 | . 14 Terminals 14 | . 14 Fabricators . | . . Repair Stations . | . . Recycling Units 1 | . 1 Scanalyzers . | . . Garrison Access . | . . Terminal Hacks 1 | . 1 Zone Layout 1 | . 1 Fabricator Hacks . | . . Repair Station Hacks . | . . Recycling Unit Hacks . | . . Scanalyzer . | . . Garrison Access Hacks . | . . Unauthorized Hacks 8 | . 8 Terminals 7 | . 7 Assimilate 4 | . 4 Botnet 2 | . 2 Operators 1 | . 1 Fabricators . | . . Repair Stations . | . . Recycling Units 1 | . 1 Reject 1 | . 1 Scanalyzers . | . . Garrison Access . | . . Data Cores Recovered . | . . Used . | . . Hacking Detections 6 | . 6 Full Trace Events . | . . Feedback Events . | . . Feedback Blocked . | . . Robot Schematics Acquired . | . . Robots Built . | . . Authchips . | . . Time . | . . Total Robot Build Rating . | . . Part Schematics Acquired . | . . Parts Built . | . . Authchips . | . . Time . | . . Total Part Build Rating . | . . Part Studies Acquired . | . . Parts Repaired . | . . Time . | . . Parts Recycled . | . . Recycled Matter . | . . Retrieved Matter . | . . Retrieved Components . | . . Parts Scanalyzed . | . . Part Schematics Acquired . | . . Parts Damaged . | . . Bothacking | -11 -10 ------------ Run | Yrd Mat Used RIF Installer . | . . Robots Hacked . | . . Non-combat . | . . Combat . | . . Robot Hacks Applied . | . . Relay Couplers Released . | . . Fabnet Peak Effective % . | . . Robots Rewired . | . . Allies Hacked . | . . Hacks Repelled . | . . Allies | -11 -10 -------- Run | Yrd Mat Total Allies 1 | . 1 Largest Group 1 | . 1 Highest-Rated Group 10 | . 10 Highest-Rated Ally 10 | . 10 Total Orders . | . . Ally Attacks . | . . Total Damage . | . . Kills . | . . Allies Corrupted . | . . Allies Melted . | . . Intel | -11 -10 ------- Run | Yrd Mat Active Infowar (turns) 547 | . 547 Structural 547 | . 547 Robot Analysis Total . | . . Derelict Logs Recovered . | . . Drone Launches . | . . Drone Recoveries . | . . Exploration | -11 -10 ------------- Run | Yrd Mat Turns Passed 1132 | 73 1059 Spaces Moved 520 | 40 480 Core 3 | 3 . Treads 517 | 37 480 Legs . | . . Wheels . | . . Hover . | . . Flight . | . . Fastest Speed 50 | 50 160 Average Speed 159 | 151 160 Slowest Speed 160 | 160 160 Overloaded Moves . | . . Propulsion Burnouts . | . . Robots Hopped . | . . Potential Cave-ins . | . . Cave-ins Triggered . | . . Exploration Rate (%) 38 | 4 72 Regions Visited 1 Branch Regions . Pre-discovered Areas . | . . Known Exits Taken . | . . Unknown Exits Taken 1 | 1 . Scrap Searched . | . . Spaces Dug . | . . Terrain Destroyed 2 | . 2 Melee . | . . Projectile . | . . AOE 2 | . 2 Terrain Rammed . | . . Walls Destroyed . | . . Machines Disabled . | . . Actions | -11 -10 --------- Run | Yrd Mat Total 708 | 49 659 Wait 62 | . 62 Move 519 | 39 480 Hop . | . . Pick Up 12 | 4 8 Fast Attach 11 | 6 5 Attach 4 | . 4 Detach 4 | . 4 Swap 9 | . 9 Drop 9 | . 9 Fire 77 | . 77 Melee 1 | . 1 Ram . | . . Kick . | . . Crush . | . . Escape Stasis . | . . Rewire . | . . Trap . | . . Miscellaneous . | . . Route ------- -11/Scrapyard -10/Materials (discovered 3 exits: [*Mat x2] / [*Min]) History --------- Turn | Location | Event 48 | -11/Scrapyard | Discovered new exit (range 16) 74 | -11/Scrapyard | Entered Materials 315 | -10/Materials | Build established: Mutant 438 | -10/Materials | Discovered new exit (range 13) 943 | -10/Materials | Core integrity fell below 50% 956 | -10/Materials | Discovered new exit (range 15) 996 | -10/Materials | Discovered new exit (range 6) 1115 | -10/Materials | Core integrity fell below 20% 1133 | -10/Materials | Destroyed by G-47 Trooper with Particle Gun Last Messages --------------- 01040_ G-34 Mercenary destroyed. 01044_ R-06 Scavenger collects Sml. Laser. 01044_ R-06 Scavenger collects Corrupted Aluminum Leg. 01048_ R-06 Scavenger collects Ion Engine. 01049_ T-07 Excavator is excavating. 01085_ EM Pulse Gun destroyed. 01100_ Critical hit (Burn: +37). 01101_ Triggered Shock Trap. 01101_ The floor emits a surge of raw power. 01101_ System corrupted (+1). 01104_ Acquired Med. Laser. 01106_ Sml. Laser destroyed. 01110_ Acquired Med. Laser. 01123_ Aluminum Leg melted. 01123_ G-34 Mercenary destroyed. 01123_ Switching to secondary target: G-47 Trooper. 01129_ U-05 Engineer lays Concrete. 01133_ Power failure, Ion Engine shutdown. Map ----- +----------------------------------------------------+ | /// #????????????????????# #????????????????? | | " // ###################### ####### ??????? | | T // # % ?????? | | " / % % ?????? | | # !% ?????? | | """ ### ####= ################## ?????? | | """ #?# #??# #???????????????????##??????? | | """ #?# #??#! !#??????????????????######???? | | #?# #??##!!! ##?#######??????????######???? | | ########?# #???######??#######??????????## ??? | | ?????????# #??????????? ##???????##! ""? | | ?????????# #????????????? ##???????## """"" | | ?????????# #?????????????? ##???????## """"" | | ?????????# #?????????????? ##???????## """"" | | ?????????# #??????????????? ""##???????## """ | | ????????##/#######????????? T"##???????## | | ????????#* % % #?????????? ""########### | | ????????# " " #??## ########### | | ????????# """"" ############+## #######+### | | ????????# """"" ##### r | | ????????# + ^ < | | ????????# """"" ##### u | | ????????# """"" ##### ##" "####### ### | | ????????# """"" #??## ^ ##" !"| "## ## | | ??####### #??## ! ##"""""""## ## | | ??# ###+######??## @! w ########### ##### | | ??# #????## ########### ##### | | ??# ####### ##??????## ##??## | | ??# %g ##??????#######??## | | ??# ################## ##??????######???## | | ??## ##???## ##### ##???????????????## | | ???# #????## ##?## ###########??????## | | ???# #????## ##### ############??????## | | ???# ####### ##### # ##??????## | | ???# # # # + ########## | | ???# # " ! # + # ########## | | ???# # T # # # + % | | ???# # " # # ## ########## | | ???# # # # ## ###### | | ???# # # / ## ##??## """ | | ???# + """ # ####### ## ##??## """ | | ???# # """ ############### #############??## """ | | ???# <^# """ ##########?#### ### = ####??## | | ???# # #??########## # ##????## | | ???##### #?########### # ##????###### | | ???????# #?## T + """ ##????###### | | ???????#######?## ######## # """ ##????????## | | ????????????????? ######## # """ ##????????## | | ????????????????????????### ##########?????????? | | ????????????????????????### ######### ?????????? | +----------------------------------------------------+ Best States ------------- Heat Dissipation 35 Energy Generation 14 Energy Capacity 250 Matter Stores 300 Matter Capacity 300 Sight Range 16 Terrain Scan Density 10 Evasion (%) 40 Recoil Reduction 2 Item Schematics ----------------- None Robot Schematics ------------------ None Fabricated ------------ Nothing Repaired ---------- Nothing Studied --------- None Alien Tech Used ----------------- None Achievements -------------- None Challenges ------------ None Game ------ Seed SensorMolecularLog Manual? 0 Play Time 00:11:52 Cumulative 84.7 hours Start 2025.12.24 @ 22:06:34 End 2025.12.25 @ 12:26:23 Sessions 3 Manual Loads 0 Difficulty Rogue Special Mode None Game No. 97 Rogue 97 Adventurer 0 Explorer 0 Win Type - Total 3 Types 3/0/0/0/0/0/0/0/0/0 Lore% 52 Gallery% 45 Achievement% 28 Wizard Run 0 Options --------- Layout 1 ASCII 0 Keyboard 1 Movement Vi Keybinds 0 Fullscreen 2 Font 24/Terminus Map View 50x35 Zoom Use 0% Tactical HUD 1 Map Filters NONE Filters NONE Steam 1 RUN: f5f7e73a-e12d-4acd-80dd-19743b1bc20a